 Dungeon Crawl Stone Soup version 0.31.0-32-g396128a36d (webtiles) character file.

Game seed: 2196319234962337601

7548 middlethird the Thaumaturge (level 11, -7/62 HPs)
             Began as a Vine Stalker Ice Elementalist on Mar 30, 2024.
             Was an Elder of Cheibriados.
             Mangled by a naga simulacrum (10 damage)
             ... on level 11 of the Dungeon.
             The game lasted 00:40:38 (3293 turns).

middlethird the Thaumaturge (VSIE)                  Turns: 3293, Time: 00:40:39

Health: -7/62      AC: 13    Str: 21    XL:     11   Next: 17%
Magic:  0/29       EV: 14    Int: 29    God:    Cheibriados [****..]
Gold:   1616       SH:  0    Dex: 25    Spells: 27/37 levels left

rFire   + . .        q - +2 rapier (holy)
rCold   + . .        (no shield)
rNeg    . . .        p - +2 ring mail {rF+}
rPois   .            (helmet restricted)
rElec   .            (no cloak)
rCorr   .            (no gloves)
SInv    .            (no boots)
Will    +....        (no amulet)
Stlth   ++           J - +5 ring of evasion
HPRegen 1.10/turn    (no ring)
MPRegen 0.21/turn

%: guardian spirit
@: ice-armoured, constricted, very slow
A: fangs 3, regeneration 1, magic shield, antimagic bite, no potion heal 2,
antennae 1, cold resistance 1, wild magic 1
a: Renounce Religion, Bend Time, Temporal Distortion, Slouch


You were on level 11 of the Dungeon.
You worshipped Cheibriados.
Cheibriados was greatly pleased with you.
You visited 2 branches of the dungeon, and saw 12 of its levels.
You also visited: Ossuary and Bailey.

You collected 1652 gold pieces.
You spent 36 gold pieces at shops.

Inventory:

Hand Weapons
 b - a +2 flail of venom
 e - a +1 dagger of flaming
 m - a +5 club
 q - a +2 rapier of holy wrath (weapon)
 B - the +5 trident of the Stopping Blowfly {drain, rC- Str+5 SInv}
   (You found it on level 10 of the Dungeon)

   Str+5:     It affects your strength (+5).
   rC-:       It makes you vulnerable to cold.
   SInv:      It lets you see invisible.
 E - a +0 long sword of draining
 M - a +2 scimitar
Missiles
 v - 9 poisoned darts (quivered)
 N - 2 throwing nets
Armour
 a - a +4 chain mail
 c - a +0 helmet
 p - a +2 ring mail of fire resistance (worn)
 u - a +0 buckler
 F - +0 steam dragon scales
Magical Staves
 K - a staff of air
Jewellery
 J - a +5 ring of evasion (left hand)
Talismans
 o - a beast talisman
Wands
 G - a wand of polymorph (23)
 L - a wand of iceblast (12)
Scrolls
 d - a scroll of noise
 f - 2 scrolls of blinking
 i - a scroll of torment
 k - 2 scrolls of immolation
 r - 5 scrolls of teleportation
 s - 3 scrolls of fear
 y - a scroll of amnesia
Potions
 g - 2 potions of mutation
 h - 3 potions of might
 j - a potion of enlightenment
 l - a potion of attraction
 n - 3 potions of haste
 t - 4 potions of curing
 w - a potion of ambrosia {unknown}
 x - a potion of resistance {unknown}
 z - a potion of brilliance {unknown}
 A - 3 potions of invisibility
 C - 4 potions of magic
 D - a potion of lignification {unknown}
 H - a potion of heal wounds
 I - 2 potions of cancellation


   Skills:
 + Level 9.0 Fighting
 - Level 2.0 Armour
 - Level 2.0 Dodging
 - Level 3.0 Stealth
 + Level 13.5 Spellcasting
 - Level 4.0 Ice Magic


You had 27 spell levels left.
You knew the following spells:

 Your Spells              Type           Power      Damage    Failure   Level
f - Freeze                Ice            100%       1d10      1%          1
g - Frozen Ramparts       Ice            100%       1d16      4%          3
h - Ozocubu's Armour      Ice            53%        N/A       4%          3
i - Summon Ice Beast      Ice/Summ       40%        N/A       9%          3

Your spell library contained the following spells:

 Spells                   Type           Power      Damage    Failure   Level
 Foxfire                  Conj/Fire      100%       2x1d9     7%          1
 Plasma Beam              Fire/Air       12%        2x1d23    100%        6
 Starburst                Conj/Fire      12%        6d5       100%        6


Dungeon Overview and Level Annotations

Branches:
Dungeon (11/15)            Temple (1/1) D:4            Lair (0/5) D:10
Ossuary (visited)          Bailey (visited)
    Orc: D:9-12

Altars:
Cheibriados
Dithmenos
Elyvilon
Fedhas
Gozag
Hepliaklqana
Kikubaaqudgha
Makhleb
Nemelex Xobeh
Qazlal
Ru
Vehumet
Wu Jian
Xom
Zin
The Shining One

Shops:
D:5 *![

Annotations:
D:2 Terence
D:4 3 runed translucent doors


Innate Abilities, Weirdness & Mutations

You have razor-sharp teeth.
Your natural rate of healing is unusually fast.
When hurt, damage is shared between your health and your magic reserves.
Your bite disrupts and absorbs the magic of your enemies.
Potions cannot restore your health.
You have a pair of small antennae on your head.
Your flesh is cold resistant. (rC+)
Your spells are a little harder to cast, but a little more powerful.


Message History

You hit the spriggan simulacrum.
The spriggan simulacrum convulses.
The spriggan simulacrum is almost destroyed.
The spriggan simulacrum hits you. The spriggan simulacrum freezes you.
You resist. The troll simulacrum misses you.
The troll simulacrum claws you but does no damage.
The troll simulacrum closely misses you.
The naga simulacrum closely misses you. The naga simulacrum constricts you.
Unknown command.
You miss the spriggan simulacrum. You bite the spriggan simulacrum.
You drain its power.
You feel invigorated.
The spriggan simulacrum is almost destroyed.
The spriggan simulacrum closely misses you.
The troll simulacrum misses you. The troll simulacrum claws you.
The troll simulacrum freezes you. You resist.
The troll simulacrum closely misses you.
The naga simulacrum misses you. The naga simulacrum constricts you.
* * * LOW HITPOINT WARNING * * *
Unknown command.
You closely miss the spriggan simulacrum.
The spriggan simulacrum is almost destroyed.
The spriggan simulacrum closely misses you.
The troll simulacrum bites you but does no damage.
The troll simulacrum closely misses you. x2
The naga simulacrum completely misses you.
The naga simulacrum constricts you.
Unknown command.
Unknown command.
You puncture the spriggan simulacrum!
The spriggan simulacrum vaporises!
The troll simulacrum bites you but does no damage.
The troll simulacrum claws you!
* * * LOW HITPOINT WARNING * * *
The troll simulacrum freezes you! You resist.
* * * LOW HITPOINT WARNING * * *
The troll simulacrum claws you.
* * * LOW HITPOINT WARNING * * *
The troll simulacrum freezes you. You resist.
* * * LOW HITPOINT WARNING * * *
The naga simulacrum hits you!
You die...

#..~..~............
#..~~~~~.~.........
#....≈.............
#..~~~~~~..........
##..~.~............
#...~.............
########................
#.....Z#.........†......
......Z@..........##....
......Z#..........##....
.......#................
.......#................
......##................
#.....#....8............
#######.................
#.................
#........#########


You could see a naga simulacrum, a two-headed ogre simulacrum and a troll
simulacrum.

Vanquished Creatures
  Harold (D:10)
  A hydra (D:11)
  A two-headed ogre (D:9)
  An unseen horror (D:10)
  Maggie (D:6)
  2 komodo dragons (D:10)
  A troll (D:10)
  Sigmund (D:5)
  A wyvern (D:9)
  A wraith (D:9)
  A vampire (D:10)
  6 yaks (D:10)
  A vampire mosquito (D:11)
  2 ice beasts
  3 orc warriors
  3 black bears
  A wolf (D:11)
  2 centaurs
  2 phantoms
  2 bullfrogs
  2 scorpions
  4 wights (D:10)
  7 killer bees
  A bombardier beetle (D:6)
  2 hounds
  3 centaur zombies (Ossuary)
  2 orc priests (D:5)
  A sleepcap (D:7)
  Jessica (D:3)
  4 iguanas
  4 orc wizards
  A spriggan simulacrum (D:11)
  2 ogre zombies (Ossuary)
  6 mummies (Ossuary)
  8 gnolls
  6 adders
  A shadow imp (D:7)
  4 white imps
  2 adder zombies (Ossuary)
  A ribbon worm (D:5)
  A dart slug (D:5)
  27 orcs
  2 endoplasms
  A giant cockroach (D:4)
  A gnoll zombie (Ossuary)
  7 goblins
  2 hobgoblins (D:2)
  3 quokkas
  5 ball pythons
  3 frilled lizards
  2 goblin zombies (Ossuary)
  5 kobolds
  A kobold zombie (Ossuary)
  2 quokka zombies (Ossuary)
  3 rats
  4 rat zombies (Ossuary)
165 creatures vanquished.

Vanquished Creatures (collateral kills)
  A vampire mosquito (D:11)
  An electric eel (D:11)
2 creatures vanquished.

Vanquished Creatures (others)
  An adder (D:6)
  An ufetubus (D:6)
2 creatures vanquished.

Grand Total: 169 creatures vanquished

Notes
Turn   | Place    | Note
-------+----------+-------------------------------------------
     0 | D:1      | middlethird the Vine Stalker Ice Elementalist began the
                  | quest for the Orb.
     0 | D:1      | Reached XP level 1. HP: 9/9 MP: 4/4
    15 | D:2      | Noticed Terence
   100 | D:2      | Reached XP level 2. HP: 13/13 MP: 1/6
   106 | D:2      | Reached XP level 3. HP: 7/16 MP: 2/8
   110 | D:2      | Learned a level 3 spell: Frozen Ramparts
   114 | D:2      | Learned a level 3 spell: Ozocubu's Armour
   126 | D:2      | Reached skill level 3 in Spellcasting
   347 | D:3      | Gained mutation: Your flesh is cold resistant. (rC+)
                  | [potion of mutation]
   347 | D:3      | Gained mutation: Your spells are a little harder to cast,
                  | but a little more powerful. [potion of mutation]
   347 | D:3      | Gained mutation: You have a pair of small antennae on your
                  | head. [potion of mutation]
   475 | D:4      | Reached XP level 4. HP: 21/21 MP: 10/10
   503 | D:3      | Found a hazy altar of Hepliaklqana.
   534 | D:4      | Found a runed translucent gate.
   534 | D:4      | Found a runed translucent gate.
   534 | D:4      | Found a runed translucent gate.
   560 | D:3      | Noticed Jessica
   578 | D:3      | Killed Jessica
   579 | D:3      | Reached skill level 1 in Fighting
   579 | D:3      | Reached skill level 4 in Spellcasting
   627 | D:5      | Entered Level 5 of the Dungeon
   627 | D:5      | Found Idopuqen's Armour Shoppe.
   627 | D:5      | Found Efyu's Distillery.
   627 | D:5      | Found Ughehos's Assorted Antiques.
   693 | D:4      | Found a staircase to the Ecumenical Temple.
   700 | Temple   | Entered the Ecumenical Temple
   705 | Temple   | Became a worshipper of Cheibriados the Contemplative
   807 | D:5      | Reached XP level 5. HP: 26/26 MP: 5/12
   819 | D:5      | Reached skill level 1 in Armour
   825 | D:5      | Noticed Sigmund
   841 | D:5      | Killed Sigmund
   842 | D:5      | Reached skill level 5 in Spellcasting
   842 | D:5      | Reached XP level 6. HP: 4/30 MP: 12/15
   875 | D:5      | Reached skill level 6 in Spellcasting
   875 | D:5      | Reached XP level 7. HP: 35/35 MP: 15/17
   879 | D:5      | Learned a level 3 spell: Summon Ice Beast
   963 | D:5      | Bought a potion of curing for 36 gold pieces
  1127 | D:5      | Reached * piety under Cheibriados
  1181 | D:6      | Reached skill level 7 in Spellcasting
  1221 | D:6      | Found a sand-covered staircase.
  1231 | Ossuary  | Entered an ossuary
  1423 | Ossuary  | Gained mutation: You have razor-sharp teeth. [Vine Stalker
                  | growth]
  1423 | Ossuary  | Reached XP level 8. HP: 39/39 MP: 20/20
  1519 | D:6      | Noticed Maggie
  1584 | D:6      | Reached skill level 8 in Spellcasting
  1667 | D:6      | Killed Maggie
  1676 | D:6      | Identified a scroll of acquirement
  1677 | D:6      | Acquired 1264 gold pieces
  1782 | D:7      | Reached skill level 9 in Spellcasting
  1783 | D:7      | Reached ** piety under Cheibriados
  1804 | D:7      | Reached XP level 9. HP: 46/46 MP: 20/23
  1961 | D:7      | Found a flagged portal.
  1972 | D:7      | Reached skill level 5 in Fighting
  2028 | Bailey   | Entered a bailey
  2219 | Bailey   | Reached *** piety under Cheibriados
  2324 | D:9      | Reached skill level 10 in Spellcasting
  2398 | D:9      | Noticed a two-headed ogre
  2406 | D:9      | Killed a two-headed ogre
  2457 | D:10     | Entered Level 10 of the Dungeon
  2482 | D:10     | Reached XP level 10. HP: 55/55 MP: 18/25
  2523 | D:10     | Killed an unseen horror
  2524 | D:10     | Reached skill level 11 in Spellcasting
  2590 | D:10     | Found a staircase to the Lair.
  2658 | D:10     | Reached **** piety under Cheibriados
  2662 | D:10     | Reached skill level 12 in Spellcasting
  2734 | D:10     | Identified the +5 trident of the Stopping Blowfly {drain,
                  | rC- Str+5 SInv}
  3035 | D:10     | Noticed Harold
  3048 | D:10     | Killed Harold
  3049 | D:10     | Reached XP level 11. HP: 37/60 MP: 23/28
  3210 | D:11     | Reached skill level 13 in Spellcasting
  3252 | D:11     | Noticed a seven-headed hydra
  3263 | D:11     | Killed a seven-headed hydra
  3293 | D:11     | HP: 3/62 [troll simulacrum (3)]
  3293 | D:11     | Mangled by a naga simulacrum

Illustrated notes

Levels and vault maps discovered:
D:1:      dpeg_arrival_line_fractal, layout_rooms
D:2:      layout_basic, ebering_ecumenical_altar_hall, uniq_terence
D:3:      layout_basic, nicolae_overflow_hidden_temple, uniq_jessica
D:4:      layout_rooms, minmay_temple_entry_hall, gammafunk_ghost_icy
D:5:      layout_cave_pools, nzn_overflow_gifts_of_might_and_magic,
          eino_tiny_chamber, nicolae_shop_distant_corner_stores,
          hangedman_abyss_or_decor_passed, minmay_misc_feat_nine_boxes,
          kennysheep_donut, uniq_sigmund
D:6:      layout_rooms, nicolae_ossuary_entry_monument, minmay_checkerbox,
          uniq_maggie
D:7:      layout_gridville, serial_shops, nicolae_shop_real_fake_doors,
          enter_bailey_5, kennysheep_generic_room_5
D:8:      layout_loops_corners, grunt_temple_overflow_cloverleaf, uniq_jeremiah
D:9:      layout_roguey
D:10:     layout_grid_maze, grunt_lair_entry_orc_guard_hut, item_on_display_a,
          uniq_harold
D:11:     layout_gridville, erik_orc_3, serial_ice, serial_ice_h, serial_ice_j,
          serial_ice_o, serial_ice_n, serial_ice_f, serial_ice_c, serial_ice_e,
          serial_ice_m, portal_ice_cave_entry_ice_simulacra
Temple:   minmay_freezing_vapour_temple

Skill      XL: |  1  2  3  4  5  6  7  8  9 10 11 |
---------------+----------------------------------+-----
Dodging        | 2 |  2.0
Stealth        | 3 |  3.0
Spellcasting   | 3 4 5 6 7 9 10 12 13 | 13.5
Fighting       | 2 4 7 8 9 |  9.0
Armour         | 2 |  2.0
Ice Magic      | |  4.0

Action                     |  1- 3 |  4- 6 |  7- 9 | 10-12 || total
---------------------------+-------+-------+-------+-------++-------
  Melee: Bite              |     9 |     9 |    74 |    41 ||   133
         Unarmed           |     2 |       |    23 |       ||    25
         Dagger            |    36 |     7 |       |       ||    43
         Club              |       |    26 |    26 |       ||    52
         Rapier            |       |       |    70 |    38 ||   108
         Punch             |       |       |     2 |     4 ||     6
         Flail             |       |       |   124 |    33 ||   157
         Trident           |       |       |       |    23 ||    23
   Cast: Freeze            |    18 |     3 |       |       ||    21
         Frozen Ramparts   |     2 |     8 |    10 |    11 ||    31
         Ozocubu's Armour  |       |     2 |    13 |    15 ||    30
         Summon Ice Beast  |       |       |     1 |     2 ||     3
    Use: Potion            |     1 |     2 |     5 |     2 ||    10
         Scroll            |       |     1 |    10 |     1 ||    12
   Stab: Sleeping          |       |       |    11 |       ||    11
         Invisible         |       |       |     1 |       ||     1
 Armour: Robe              |    32 |     2 |       |       ||    34
         Ring mail         |       |    17 |   204 |   154 ||   375
         Skin              |       |       |    10 |       ||    10
  Dodge: Dodged            |    31 |    22 |   194 |   209 ||   456
